 Dungeon Crawl Stone Soup version 0.29.1-14-g9c671dbff4 (webtiles) character file.

Game seed: 15617397207617181449

6 croobank the Sneak (level 1, -1/16 HPs)
             Began as an Octopode Delver on Feb 14, 2023.
             Slain by a hobgoblin (4 damage)
             ... on level 4 of the Dungeon.
             The game lasted 00:01:27 (395 turns).

croobank the Sneak (Octopode Delver)                 Turns: 395, Time: 00:01:28

Health: -1/16      AC:  1    Str: 11    XL:     1   Next: 90%
Magic:  1/1        EV: 13    Int: 12    God:
Gold:   12         SH:  0    Dex: 13    Spells: 0/0 levels left

rFire   . . .      SeeInvis .   a - +0 hand axe
rCold   . . .      Faith    .   (no shield)
rNeg    . . .      Spirit   .   (helmet restricted)
rPois   .          Reflect  .   (no amulet)
rElec   .          Harm     .   (no ring)
rCorr   .          Rampage  .   (no ring)
Will    .....                   (no ring)
Stlth   ++++......              (no ring)
HPRegen 0.05/turn               (no ring)
MPRegen 0.07/turn               (no ring)
                                (no ring)
                                (no ring)

@: no status effects
A: almost no armour, amphibious, 8 rings, camouflage 1, gelatinous body 1,
(nimble swimmer 1), tentacles
a: no special abilities


You were on level 4 of the Dungeon.
You visited 1 branch of the dungeon, and saw 4 of its levels.

You collected 12 gold pieces.

Inventory:

Hand Weapons
 a - a +0 hand axe (weapon)
Wands
 f - a wand of digging (2)
Scrolls
 b - a scroll of fog
 c - a scroll of teleportation {unknown}
Potions
 e - a potion of haste


   Skills:
 + Level 3.1 Fighting
 + Level 2.1 Axes
 + Level 2.1 Dodging
 + Level 6.7 Stealth


You couldn't memorise any spells.
You didn't know any spells.
Your spell library was empty.

Dungeon Overview and Level Annotations

Branches:
Dungeon (6/15)
 Temple: D:4-7

Altars:

Annotations:
D:3 Robin
D:6 Dowan, Duvessa


Innate Abilities, Weirdness & Mutations

You cannot wear most types of armour.
You are amphibious.
You can wear up to eight rings at the same time.
Your skin changes colour to match your surroundings (Stealth+).
Your rubbery body absorbs attacks. (AC +1, EV +1)
((You are camouflaged when in or above water. (Stealth+)))
You have tentacles for arms and can constrict up to eight enemies at once.


Message History

You are too injured to fight recklessly!
You release your grip on the hobgoblin.
The goblin attacks as you move away! The goblin barely misses you.
The goblin attacks as you move away! The goblin hits you with a +0 club.
The hobgoblin attacks as you move away! The hobgoblin closely misses you.
There is a stone staircase leading down here.
You slash the goblin!
You kill the goblin!
You barely miss the hobgoblin. Your grab misses the hobgoblin.
The hobgoblin hits you.
* * * LOW HITPOINT WARNING * * *
You barely miss the hobgoblin. Your grab misses the hobgoblin.
The hobgoblin barely misses you.
You aren't wearing any rings or amulets.
As you read the scroll of fear, it crumbles to dust.
You assume a fearsome visage.
The hobgoblin looks frightened! x2
The hobgoblin gives up.
You see here a +0 hand axe.
Found a stone staircase leading up.
There is a stone staircase leading up here.
You start resting.
A hobgoblin is nearby!
You climb upwards.
The goblin shouts!
You hear a shout! x2
Found 2 poisoned darts.
There is a stone staircase leading down here.
You climb downwards.
There is a stone staircase leading up here.
You hit the goblin but do no damage. You grab the goblin.
You squeeze the goblin.
You kill the goblin!
You closely miss the hobgoblin. Your grab misses the hobgoblin.
You squeeze the hobgoblin, but do no damage.
The hobgoblin is lightly wounded.
The hobgoblin hits you.
* * * LOW HITPOINT WARNING * * *
You closely miss the hobgoblin. You grab the hobgoblin.
The hobgoblin is lightly wounded.
You constrict the hobgoblin. The hobgoblin hits you.
You die...

####################
#.......#..........#
#.......#..........#
#.......#..........#
#....)..#..........#
#.......#..........#
#.......#.....@....#
#.......#.....g....#
#.......######.#####
###.......######.#####.
........................
###..........###.#####.#
#..........# #.#
#####......# #.#
#......# #.#


You could see a hobgoblin.

Vanquished Creatures
  An orc (D:4)
  A giant cockroach (D:4)
  2 goblins (D:4)
4 creatures vanquished.

Notes
Turn   | Place    | Note
-------+----------+-------------------------------------------
     0 | D:5      | croobank the Octopode Delver began the quest for the Orb.
     0 | D:5      | Reached XP level 1. HP: 16/16 MP: 1/1
     7 | D:6      | Noticed Duvessa
     7 | D:6      | Noticed Dowan
    20 | D:5      | Noticed an orc priest
    36 | D:5      | Noticed an ogre
    59 | D:5      | Noticed an orc priest
   390 | D:3      | Noticed Robin
   395 | D:4      | Slain by a hobgoblin

Illustrated notes

Levels and vault maps discovered:
D:3:      layout_basic, gammafunk_ghost_abyssal_escape, uniq_robin
D:4:      layout_basic
D:5:      layout_basic, nicolae_uskayaw_dance_hall, grunt_ministairs_3,
          hex_large
D:6:      layout_basic, mainiacjoe_overflow_catch_the_wave, uniq_duvessa,
          uniq_menkaure, uniq_sigmund

Action                   || total
-------------------------++-------
Melee: Hand axe          ||    11
       Constrict         ||     4
       Tentacles         ||     3
Evoke: Wand              ||     1
  Use: Scroll            ||     2
Armor: Skin              ||     2
Dodge: Dodged            ||     9
